 Dungeon Crawl Stone Soup version 0.26-a0-660-gc07710193c (webtiles) character file.

Game seed: 96045640622107949

804 MrRokkomies the Skirmisher (level 7, -9/60 HPs)
             Began as a Gnoll Wanderer on Oct 8, 2020.
             Was a Believer of Kikubaaqudgha.
             Mangled by an ogre
             ... wielding a +0 giant spiked club
              (23 damage)
             ... on level 6 of the Dungeon.
             The game lasted 00:07:23 (6030 turns).

MrRokkomies the Skirmisher (Gnoll Wanderer)         Turns: 6030, Time: 00:07:24

Health: -9/60      AC:  5    Str: 15    XL:     7   Next: 91%
Magic:  11/11      EV: 13    Int: 18    God:    Kikubaaqudgha [**....]
Gold:   416        SH:  0    Dex: 12    Spells: 11/11 levels left

rFire    . . .     SeeInvis .   a - +2 quarterstaff (vorpal)
rCold    + . .     Faith    .   (shield currently unavailable)
rNeg     . . .     Spirit   .   d - +1 robe
rPois    .         Reflect  .   (no helmet)
rElec    .         Harm     .   j - scarf {shadows}
rCorr    +         Rampage  .   (no gloves)
MR       .....                  x - +1 pair of boots
Stlth    +++.......             p - amulet of the acrobat
HPRegen  0.20/turn              f - ring of resist corrosion
MPRegen  0.12/turn              w - ring of protection from cold

@: no status effects
A: distributed training, fangs 1, strong nose
a: Receive Corpses, Renounce Religion


You were on level 6 of the Dungeon.
You worshipped Kikubaaqudgha.
Kikubaaqudgha was pleased with you.
You visited 1 branch of the dungeon, and saw 6 of its levels.

You collected 416 gold pieces.

Inventory:

Hand Weapons
 a - a +2 vorpal quarterstaff (weapon)
 b - a +3 hunting sling
Missiles
 h - 270 stones
 i - 116 arrows
 k - 77 bolts
 q - 6 silver javelins
 C - 2 poisoned darts (quivered)
Armour
 d - a +1 robe (worn)
 j - a scarf of shadows (worn)
 x - a +1 pair of boots (worn)
Jewellery
 f - a ring of resist corrosion (left hand)
 p - an amulet of the acrobat (around neck)
 r - the ring "Qiegyam" {Ice Str+2}
   (You found it on level 5 of the Dungeon)

   [ring of ice]

   It enhances your ice magic.
   It affects your strength (+2).
   It makes you vulnerable to fire.
   It protects you from cold.
 w - a ring of protection from cold (right hand)
Wands
 y - a wand of digging (5)
Scrolls
 e - 3 scrolls of teleportation
 g - a scroll of amnesia {unknown}
 o - 4 scrolls of remove curse
 u - 2 scrolls of enchant armour
 v - a scroll of identify
 z - a scroll of enchant weapon {unknown}
Potions
 c - 2 potions of lignification
 l - 2 potions of magic
 m - 2 potions of heal wounds
 n - 3 potions of curing
 s - a potion of stabbing
 t - a potion of brilliance
 A - a potion of haste {unknown}
 B - a potion of cancellation {unknown}


   Skills:
 + Level 7.1 Fighting
 + Level 2.8 Short Blades
 + Level 2.8 Long Blades
 + Level 3.8 Axes
 + Level 2.8 Maces & Flails
 + Level 2.8 Polearms
 + Level 2.8 Staves
 + Level 2.8 Slings
 + Level 2.8 Bows
 + Level 2.8 Crossbows
 + Level 2.8 Throwing
 + Level 2.8 Armour
 + Level 3.8 Dodging
 + Level 5.1 Stealth
 + Level 2.8 Shields
 + Level 5.4 Unarmed Combat
 + Level 2.8 Spellcasting
 + Level 2.2 Conjurations
 + Level 2.2 Hexes
 + Level 2.2 Summonings
 + Level 2.2 Necromancy
 + Level 2.2 Translocations
 + Level 2.2 Transmutations
 + Level 2.2 Fire Magic
 + Level 2.2 Ice Magic
 + Level 2.2 Air Magic
 + Level 2.2 Earth Magic
 + Level 2.2 Poison Magic
 + Level 3.1 Invocations
 + Level 3.8 Evocations


You had 11 spell levels left.
You didn't know any spells.
Your spell library contained the following spells:

 Spells                   Type           Power        Failure   Level
 Animate Skeleton         Necr           #.....       7%          1
 Magic Dart               Conj           #...         7%          1
 Pain                     Necr           #...         7%          1
 Blink                    Tloc           N/A          10%         2
 Call Imp                 Summ           #.......     10%         2
 Slow                     Hex            #.......     10%         2
 Sublimation of Blood     Necr           #.........   10%         2
 Conjure Flame            Conj/Fire      #.......     21%         3
 Mephitic Cloud           Conj/Pois/Air  #.......     21%         3
 Vampiric Draining        Necr           #.........   21%         3


Dungeon Overview and Level Annotations

Branches:
Dungeon (6/15)
 Temple: D:4-7

Altars:
Hepliaklqana
Kikubaaqudgha
Makhleb
Wu Jian
Xom
Yredelemnul
Zin


Innate Abilities, Weirdness & Mutations

Your experience applies equally to all skills.
You have very sharp teeth.
Your uncanny sense of smell can sniff out nearby items.


Message History

You shoot a stone. The stone hits the ogre!
The ogre is moderately wounded.
You shoot a stone. The stone hits the ogre!
The ogre is heavily wounded.
You shoot a stone. The stone hits the ogre.
The ogre is severely wounded.
The ogre hits you with a +0 giant spiked club!!
a - a +2 vorpal quarterstaff (weapon)
You are too injured to fight recklessly!
You are too injured to fight recklessly!
You are too injured to fight recklessly!
You hit the ogre. You bite the ogre.
The ogre is almost dead.
The ogre hits you with a +0 giant spiked club!!
* * * LOW HITPOINT WARNING * * *
You hit the ogre.
The ogre is almost dead.
The ogre hits you with a +0 giant spiked club!!
You die...
Kikubaaqudgha rasps: "You have failed me!
Welcome... death!"

#.###.###.#......... ............
...............................##
#................................
#####'###.#........# ..####.##.##
..........#........# #.##.##
.....#...##........# #.##.##
.....#...##........##.( ##.##.##
.....#...##.........(.. .........
.....#...###....@O(#. ###....##
.....#...# ####.#### #....##
#...# #....... #....## #...#
........ #...... .........
......## ###.##.#.. ........ #.#
(. . ### #.# #.


You could see an ogre.

Vanquished Creatures
  An ice beast (D:5)
  An ogre (D:5)
  A scorpion (D:5)
  A jelly (D:5)
  2 orc priests
  2 hounds
  3 orc wizards
  A centaur skeleton (D:5)
  An iguana (D:5)
  3 worker ants
  A hound zombie (D:5)
  9 adders
  2 shadow imps (D:5)
  2 oozes
  An adder skeleton (D:5)
  5 worms
  3 dart slugs
  A leopard gecko (D:4)
  8 orcs
  5 bats
  3 giant cockroaches
  7 goblins
  13 hobgoblins
  11 jackals
  8 kobolds
  2 frilled lizards (D:2)
  A jackal zombie (D:6)
  5 rats
103 creatures vanquished.

Notes
Turn   | Place    | Note
-------+----------+-------------------------------------------
     0 | D:1      | MrRokkomies the Gnoll Wanderer began the quest for the Orb.
     0 | D:1      | MrRokkomies set off with the following items: a +2 hand
                  | axe, a scroll of teleportation, a potion of lignification,
                  | a +0 robe, a +0 dagger
     0 | D:1      | Reached XP level 1. HP: 23/23 MP: 1/1
    63 | D:1      | Reached XP level 2. HP: 9/29 MP: 2/2
   788 | D:1      | Reached XP level 3. HP: 33/35 MP: 3/3
   923 | D:1      | Found an ancient bone altar of Kikubaaqudgha.
   924 | D:1      | Found a hazy altar of Hepliaklqana.
   924 | D:1      | Found a shimmering altar of Xom.
   927 | D:1      | Found a glowing golden altar of the Shining One.
   927 | D:1      | Found a bloodstained altar of Trog.
   927 | D:1      | Found an ornate altar of the Wu Jian Council.
  1262 | D:2      | Reached skill level 1 in Invocations
  1524 | D:2      | Reached skill level 1 in Short Blades
  1524 | D:2      | Reached skill level 1 in Long Blades
  1524 | D:2      | Reached skill level 1 in Maces & Flails
  1524 | D:2      | Reached skill level 1 in Polearms
  1524 | D:2      | Reached skill level 1 in Staves
  1524 | D:2      | Reached skill level 1 in Slings
  1524 | D:2      | Reached skill level 1 in Bows
  1524 | D:2      | Reached skill level 1 in Crossbows
  1524 | D:2      | Reached skill level 1 in Throwing
  1524 | D:2      | Reached skill level 1 in Armour
  1524 | D:2      | Reached skill level 1 in Shields
  1524 | D:2      | Reached skill level 1 in Spellcasting
  1789 | D:2      | Reached XP level 4. HP: 34/41 MP: 5/5
  1983 | D:2      | Reached skill level 1 in Conjurations
  1983 | D:2      | Reached skill level 1 in Hexes
  1983 | D:2      | Reached skill level 1 in Summonings
  1983 | D:2      | Reached skill level 1 in Necromancy
  1983 | D:2      | Reached skill level 1 in Translocations
  1983 | D:2      | Reached skill level 1 in Transmutations
  1983 | D:2      | Reached skill level 1 in Fire Magic
  1983 | D:2      | Reached skill level 1 in Ice Magic
  1983 | D:2      | Reached skill level 1 in Air Magic
  1983 | D:2      | Reached skill level 1 in Earth Magic
  1983 | D:2      | Reached skill level 1 in Poison Magic
  2128 | D:2      | Found a faded altar of an unknown god.
  2137 | D:2      | Became a worshipper of Kikubaaqudgha
  2137 | D:2      | Reached * piety under Kikubaaqudgha
  2137 | D:2      | Identified Kikubaaqudgha's Tome of Stolen Souls
                  | (Kikubaaqudgha gifted it to you on level 2 of the Dungeon)
  2137 | D:2      | Received a gift from Kikubaaqudgha
  2471 | D:3      | Reached XP level 5. HP: 47/47 MP: 6/6
  2990 | D:3      | Reached ** piety under Kikubaaqudgha
  3626 | D:4      | Found a burning altar of Makhleb.
  3628 | D:4      | Found a basalt altar of Yredelemnul.
  3631 | D:4      | Found a hazy altar of Hepliaklqana.
  3634 | D:4      | Found a shimmering altar of Xom.
  3634 | D:4      | Found an ornate altar of the Wu Jian Council.
  3711 | D:4      | Reached XP level 6. HP: 28/53 MP: 8/8
  3965 | D:4      | Found a glowing silver altar of Zin.
  4295 | D:5      | Entered Level 5 of the Dungeon
  4317 | D:5      | Reached skill level 5 in Unarmed Combat
  4434 | D:5      | Reached XP level 7. HP: 35/59 MP: 10/10
  4795 | D:5      | Reached skill level 7 in Fighting
  5022 | D:5      | Reached skill level 5 in Stealth
  5541 | D:5      | Got an ancient wooden ring
  5543 | D:5      | Identified the ring "Qiegyam" {Ice Str+2} (You found it on
                  | level 5 of the Dungeon)
  6030 | D:6      | Mangled by an ogre

Illustrated notes

Levels and vault maps discovered:
D:1:      dpeg_arrival_water_altar, layout_loops_ring, doesnt_xom_only_xom
D:2:      layout_rooms, chequers_ecumenical_altar_simple_redux, serial_glass,
          glass_columns_c, glass_columns_b, minmay_strange_pillars
D:3:      layout_loops_ring
D:4:      layout_basic, zin_treasury, minitemple
D:5:      layout_cave_pools
D:6:      layout_basic, lemuel_blue_sif_altar, minmay_temple_entry_sparse_star,
          uniq_menkaure, uniq_prince_ribbit1

Skill      XL: |  1  2  3  4  5  6  7 |
---------------+----------------------+-----
Invocations    | 1 2 3 |  3.1
Short Blades   | 1 2 |  2.8
Long Blades    | 1 2 |  2.8
Maces & Flails | 1 2 |  2.8
Polearms       | 1 2 |  2.8
Staves         | 1 2 |  2.8
Slings         | 1 2 |  2.8
Bows           | 1 2 |  2.8
Crossbows      | 1 2 |  2.8
Throwing       | 1 2 |  2.8
Armour         | 1 2 |  2.8
Shields        | 1 2 |  2.8
Spellcasting   | 1 2 |  2.8
Conjurations   | 1 2 |  2.2
Hexes          | 1 2 |  2.2
Summonings     | 1 2 |  2.2
Necromancy     | 1 2 |  2.2
Translocations | 1 2 |  2.2
Transmutations | 1 2 |  2.2
Fire Magic     | 1 2 |  2.2
Ice Magic      | 1 2 |  2.2
Air Magic      | 1 2 |  2.2
Earth Magic    | 1 2 |  2.2
Poison Magic   | 1 2 |  2.2
Axes           | 3 |  3.8
Dodging        | 3 |  3.8
Evocations     | 3 |  3.8
Unarmed Combat | 5 |  5.4
Fighting       | 7 |  7.1
Stealth        | 5 |  5.1

Action                   |  1- 3 |  4- 6 |  7- 9 || total
-------------------------+-------+-------+-------++-------
Melee: Hand axe          |    23 |       |       ||    23
       Dagger            |    84 |    28 |       ||   112
       Punch             |     4 |       |       ||     4
       Bite              |     4 |     8 |     2 ||    14
       Quarterstaff      |       |    76 |    46 ||   122
 Fire: Hunting sling     |       |    32 |    12 ||    44
Throw: Dart              |       |       |     4 ||     4
Evoke: Wand              |       |       |     1 ||     1
  Use: Scroll            |       |     8 |     7 ||    15
       Potion            |       |     1 |       ||     1
 Stab: Sleeping          |     3 |     9 |     1 ||    13
       Distracted        |       |     1 |       ||     1
Armor: Robe              |    13 |    14 |     3 ||    30
Dodge: Dodged            |    78 |    82 |    33 ||   193

Table legend: (Time is in decaauts)
 A = Elapsed time spent in this place.
 B = Non-inter-level travel time spent in this place.
 C = Inter-level travel time spent in this place.
 D = Time resting spent in this place.
 E = Time spent auto-exploring this place.
 F = Levels seen in this place.
 G = Mean time per level.
                   A        B        C        D        E       F      G
               +--------+--------+--------+--------+--------+-----+--------+
         Total |   6053 |   5694 |    359 |    207 |   4600 |   6 | 1008.8 |
       Dungeon |   6053 |   5694 |    359 |    207 |   4600 |   6 | 1008.8 |
               +--------+--------+--------+--------+--------+-----+--------+

Top non-repeatable levels by time:
     D:1: 1465 daAuts
     D:5: 1440 daAuts
     D:4: 1205 daAuts
     D:2: 936 daAuts
     D:3: 765 daAuts
     D:6: 240 daAuts
